Map: Torres Crepusculares

Players

TuKa - Winner!

  • Race: Terran Terran
  • League: Master

jomare

  • Race: Protoss Protoss
  • League: Master

VOD

Have the link to the VOD?

Description

Time

  • Played on: April 15, 2016, 11:22 p.m.
  • Length: 18:47
Show
View Real Time Build Order
Export as new Build Order

TuKa Terran - Winner!

Build Orders: Command Center First (CC), MMM Bio 

Get SALT Encoding   

  12  0:00  SCV  
  13  0:13  SCV  
  14  0:17  Supply Depot  
  14  0:25  SCV  
  15  0:39  SCV  
  16  0:51  SCV  
  17  1:03  SCV, Command Center  
  18  1:14  Barracks  
  18  1:15  SCV  
  19  1:27  SCV  
  19  1:31  Barracks  
  20  1:41  Barracks  
  20  1:43  SCV  
  21  2:01  Orbital Command  
  21  2:02  Marine  
  22  2:16  Orbital Command  
  22  2:18  Marine  
  22  2:20  Marine  
  24  2:31  Marine  
  24  2:33  SCV, Bunker  
  24  2:36  Marine  
  27  2:38  Refinery  
  27  2:39  Marine  
  27  2:43  SCV  
  29  2:45  SCV  
  29  2:46  Refinery  
  30  2:55  Refinery  
  30  2:56  SCV  
  30  2:57  Supply Depot  
  31  3:00  Marine  
  31  3:01  Marine x2  
  31  3:04  SCV  
  35  3:08  SCV  
  36  3:16  SCV, Supply Depot  
  37  3:20  SCV  
  37  3:22  Marine x2  
  37  3:26  Barracks Tech Lab  
  40  3:28  SCV  
  41  3:35  SCV  
  41  3:39  Engineering Bay  
  41  3:40  Marine x2  
  41  3:41  SCV  
  45  3:45  Factory  
  45  3:46  Stimpack  
  45  3:47  Marine  
  46  3:51  SCV  
  47  3:57  SCV  
  47  3:59  Supply Depot  
  48  4:03  SCV  
  48  4:05  Barracks Tech Lab, Barracks Reactor  
  49  4:11  SCV, Missile Turret  
  49  4:12  Missile Turret  
  49  4:14  Marauder  
  52  4:19  SCV  
  52  4:23  SCV  
  54  4:25  Marauder  
  56  4:31  SCV  
  56  4:32  Starport  
  56  4:33  Factory Reactor  
  56  4:35  Marauder  
  56  4:36  Combat Shields  
  56  4:38  SCV  
  60  4:43  SCV  
  60  4:44  Marine  
  62  4:48  Supply Depot  
  62  4:50  Supply Depot  
  62  4:54  Marine, SCV, Supply Depot  
  62  4:56  SCV  
  67  5:00  Marauder  
  67  5:01  Marauder, Liberator  
  67  5:05  Missile Turret  
  67  5:06  Liberator  
  72  5:24  Marine  
  72  5:25  Marine x3  
  79  5:30  SCV  
  80  5:36  Refinery  
  80  5:42  Marine x2  
  80  5:43  Marine, Marauder  
  64  6:00  Marine x2  
  64  6:01  Marauder  
  64  6:04  Marine  
  64  6:07  SCV x2  
  67  6:13  Command Center, Medivac x2  
  67  6:18  Marine x2  
  71  6:22  Marine, Marauder  
  74  6:33  Barracks x2  
  74  6:36  Marine  
  74  6:38  Barracks x3  
  75  6:41  Marine  
  75  6:42  Marauder  
  75  6:44  SCV x2  
  75  6:46  Medivac x2  
  84  6:49  Marine  
  85  6:56  SCV  
  85  6:58  SCV, Engineering Bay, Terran Infantry Armor Level 1  
  87  7:03  Armory  
  87  7:04  Concussive Shells  
  87  7:07  Factory Reactor  
  87  7:08  SCV  
  87  7:12  Marine, Marauder  
  87  7:13  Marine  
  87  7:14  Marine  
  93  7:38  Marine x2  
  93  7:39  Marauder  
  98  7:52  Marauder  
  98  7:53  Barracks Reactor  
  98  7:54  Barracks Reactor  
  98  7:55  Barracks Tech Lab  
  98  7:56  Widow Mine x2, Medivac  
  107  8:00  Missile Turret  
  107  8:09  Medivac  
  107  8:13  Marauder  
  107  8:16  Supply Depot  
  107  8:17  Terran Infantry Weapons Level 1  
  107  8:18  Marine x2, SCV  
  107  8:19  SCV  
  113  8:21  Planetary Fortress  
  113  8:28  Marauder x2  
  117  8:34  Missile Turret  
  117  8:37  Marine x3, Widow Mine x2  
  117  8:38  SCV  
  117  8:39  Refinery x2  
  117  8:40  Supply Depot x3  
  125  8:47  Command Center  
  125  9:01  Marine x8  
  125  9:02  Marauder  
  135  9:10  Widow Mine  
  135  9:11  Widow Mine  
  135  9:14  SCV  
  135  9:16  SCV x2  
  142  9:19  Marine x5  
  142  9:20  Marauder  
  142  9:21  Terran Infantry Armor Level 2  
  142  9:22  Terran Ship Weapons Level 1  
  149  9:25  Marauder  
  149  9:29  Liberator x2  
  138  9:45  Marine  
  138  9:46  Marauder  
  138  9:48  Marauder  
  149  9:56  Marauder  
  149  9:59  Marine x5  
  154  10:03  Marine  
  153  10:12  Marine, Marauder, Liberator x2  
  156  10:19  Starport  
  162  10:40  Liberator  
  160  10:46  Factory Reactor  
  160  10:47  Liberator  
  160  10:55  Liberator x2, Missile Turret x4  
  160  11:00  Missile Turret  
  160  11:02  Supply Depot, Missile Turret  
  163  11:06  Missile Turret  
  163  11:08  Missile Turret x2  
  163  11:09  Missile Turret  
  166  11:13  Marine  
  166  11:14  Marine, Marauder x3  
  180  11:23  Missile Turret  
  180  11:24  Marine x3  
  183  11:31  Marine  
  183  11:32  Supply Depot  
  184  11:35  Marauder  
  184  11:36  Liberator x2  
  184  11:37  Liberator  
  192  11:57  Supply Depot x3  
  192  11:58  Supply Depot  
  195  12:01  Marine  
  196  12:10  Marine x2  
  196  12:11  Marauder  
  154  12:33  Liberator x3  
  154  12:34  Liberator  
  152  12:49  Marine x5, Marauder  
  152  12:50  Marine, Marauder x2  
  176  13:11  Marauder  
  176  13:16  Liberator x4  
  148  13:34  Marine x3  
  128  13:59  Marine x2  
  128  14:00  Marine x4, Marauder x2  
  128  14:01  Marauder  
  135  14:16  Medivac x2  
  126  14:17  Marine  
  126  14:19  Marine x4  
  126  14:20  Marine  
  126  14:21  Marauder  
  126  14:22  Marauder x2  
  129  14:35  Marine  
  129  14:37  Marine  
  127  14:40  Liberator x3  
  127  14:41  Command Center, Liberator  
  127  14:43  Marauder x3  
  124  15:00  Marine  
  124  15:04  Marauder  
  124  15:05  Marauder  
  124  15:23  Liberator  
  124  15:24  Marine x3  
  124  15:25  Marauder x2, Marine  
  124  15:40  Medivac x2  
  124  16:12  Medivac x3  
  124  16:13  Marine x4, Marauder  
  124  16:14  Marine x4  
  124  16:21  Terran Infantry Weapons Level 2  
  124  16:23  Medivac  
  124  16:31  Marine x2  
  124  16:32  Marauder x2  
  124  16:50  Missile Turret  
  124  16:58  Refinery  
  124  16:59  Refinery, Planetary Fortress  
  124  17:00  Planetary Fortress  
  124  17:01  SCV, Refinery  
  124  17:02  SCV  
  124  17:03  SCV  
  124  17:04  Refinery  
  124  17:13  SCV  
  124  17:14  SCV  
  124  17:15  SCV  
  124  17:25  Command Center  
  124  18:18  SCV x2  
  124  18:19  SCV x2  
  124  18:37  Refinery  
  124  18:39  Missile Turret  
  124  18:43  Command Center  
  124  18:44  Refinery  
  124  18:46  Refinery x2  
Show
View Real Time Build Order
Export as new Build Order

jomare Protoss 

Build Orders: 1 Gate Expand 

Get SALT Encoding   

  12  0:01  Probe (Chrono Boost)  
  13  0:12  Probe (Chrono Boost)  
  14  0:18  Pylon  
  14  0:24  Probe (Chrono Boost)  
  15  0:37  Probe (Chrono Boost)  
  15  0:38  Gateway  
  16  0:47  Probe (Chrono Boost), Assimilator  
  17  0:58  Probe (Chrono Boost)  
  18  1:08  Probe (Chrono Boost)  
  19  1:19  Probe (Chrono Boost)  
  20  1:26  Nexus  
  20  1:38  Cybernetics Core  
  20  1:39  Probe (Chrono Boost)  
  21  1:49  Assimilator  
  21  1:50  Probe (Chrono Boost)  
  22  2:00  Probe (Chrono Boost)  
  23  2:16  Warp Gate  
  23  2:22  Pylon  
  23  2:26  Probe (Chrono Boost)  
  23  2:32  Twilight Council  
  23  2:37  Adept  
  23  2:38  Probe (Chrono Boost)  
  23  2:40  Forge  
  23  2:42  Probe (Chrono Boost)  
  27  2:48  Probe (Chrono Boost)  
  28  2:53  Probe (Chrono Boost)  
  29  2:59  Probe (Chrono Boost)  
  29  3:00  Resonating Glaives (Chrono Boost)  
  29  3:03  Probe (Chrono Boost)  
  29  3:05  Pylon  
  31  3:09  Probe (Chrono Boost)  
  32  3:13  Probe  
  32  3:15  Protoss Ground Weapons Level 1 (Chrono Boost)  
  33  3:21  Probe  
  33  3:25  Probe  
  35  3:27  Adept  
  35  3:33  Probe  
  35  3:34  Pylon  
  38  3:38  Probe  
  39  3:45  Mothership Core  
  41  3:50  Probe, Gateway  
  41  3:53  Gateway  
  42  4:00  Gateway  
  42  4:06  Gateway  
  42  4:08  Probe  
  43  4:13  Gateway  
  43  4:21  Gateway  
  43  4:23  Pylon  
  43  4:26  Probe (Chrono Boost)  
  43  4:29  Adept  
  46  4:33  Probe (Chrono Boost)  
  48  4:38  Probe (Chrono Boost)  
  48  4:44  Probe (Chrono Boost)  
  49  4:49  Probe (Chrono Boost)  
  49  4:51  Assimilator  
  50  4:53  Pylon  
  50  4:55  Probe (Chrono Boost)  
  50  4:56  Adept  
  50  4:57  Adept x2  
  57  5:01  Probe (Chrono Boost)  
  57  5:03  Assimilator  
  57  5:06  Pylon  
  58  5:10  Pylon  
  58  5:11  Adept x2  
  62  5:15  Adept  
  62  5:17  Adept  
  62  5:19  Adept  
  68  5:22  Probe (Chrono Boost)  
  68  5:25  Probe (Chrono Boost)  
  68  5:26  Adept  
  72  5:28  Adept  
  72  5:33  Probe (Chrono Boost)  
  72  5:34  Protoss Ground Weapons Level 2  
  75  5:40  Adept  
  75  5:41  Adept  
  73  5:55  Adept x4  
  67  6:04  Adept x3  
  67  6:10  Probe (Chrono Boost)  
  70  6:12  Pylon  
  70  6:16  Adept x3  
  76  6:35  Blink (Chrono Boost)  
  76  6:37  Nexus  
  76  6:42  Probe, Robotics Facility  
  77  6:47  Probe  
  78  6:55  Probe  
  78  6:57  Probe  
  78  6:58  Pylon  
  80  7:02  Pylon  
  80  7:04  Pylon  
  80  7:06  Pylon  
  80  7:10  Templar Archives  
  80  7:11  Pylon  
  80  7:14  Gateway  
  80  7:22  Gateway  
  80  7:28  Probe  
  80  7:29  Probe  
  75  7:36  Stalker x2  
  80  7:37  Stalker x2  
  80  7:38  Stalker  
  80  7:43  Psionic Storm  
  86  7:45  Probe  
  86  7:49  Observer  
  88  7:52  High Templar x2  
  88  7:57  Probe  
  88  7:58  Probe x2  
  95  8:07  High Templar x2  
  95  8:10  Probe  
  95  8:11  Adept x2  
  104  8:13  Probe x2  
  104  8:14  Pylon  
  104  8:18  Assimilator  
  106  8:21  Assimilator  
  106  8:30  Protoss Ground Weapons Level 3 (Chrono Boost)  
  106  8:31  Pylon  
  106  8:35  Probe  
  106  8:36  Probe x2  
  106  8:40  Pylon  
  109  8:45  Adept x3  
  109  8:46  Probe x2, Adept  
  119  8:48  Probe  
  120  8:56  Probe, Robotics Bay  
  120  8:57  Probe  
  120  9:00  Robotics Facility, Probe  
  123  9:07  Probe x2, Adept x2  
  129  9:14  Stalker  
  129  9:15  Stalker  
  131  9:42  Stalker  
  131  9:43  Stalker x4  
  131  9:44  Stalker x2  
  143  9:47  Adept  
  145  9:59  Archon x2  
  145  10:06  Adept  
  145  10:07  Adept x6  
  149  10:08  Adept  
  159  10:15  Probe x2  
  159  10:16  Probe  
  159  10:20  Colossus  
  168  10:22  Extended Thermal Lance (Chrono Boost)  
  168  10:29  Probe  
  168  10:32  Pylon  
  169  10:37  Pylon  
  169  10:42  Probe  
  170  10:47  Pylon  
  170  10:50  Colossus  
  170  10:53  Protoss Ground Armor Level 1 (Chrono Boost)  
  176  10:57  Pylon  
  176  10:59  Pylon  
  176  11:08  Probe  
  177  11:11  Pylon  
  177  11:13  Colossus  
  177  11:15  Adept x6  
  177  11:16  Adept  
  197  11:26  Pylon, High Templar  
  199  11:50  Gateway  
  199  11:54  Gateway  
  199  11:55  Gateway  
  199  11:57  Gateway  
  199  11:59  Gateway  
  161  12:26  Colossus x2  
  161  12:29  Probe  
  174  12:44  Nexus  
  174  12:45  Pylon, Stalker x3  
  174  12:46  Stalker x4  
  188  12:58  High Templar x5  
  194  13:03  Archon  
  194  13:04  Archon  
  198  13:05  Archon  
  140  13:26  Adept x4  
  128  13:32  Adept x4  
  128  13:33  Adept x2  
  123  13:54  Stalker x2  
  123  13:55  Stalker x5  
  117  13:56  Stalker x5  
  107  14:22  Stalker x3  
  107  14:23  Stalker x3  
Tags
 
Add a new tag
Caveats
  • Supply blocks, unpowered buildings, or Contaminate may cause inaccurate times.
  • Supply counts are checked every 10 seconds.